 Dungeon Crawl Stone Soup version 0.30.1-11-g7821555f0a (webtiles) character file.

Game seed: 2141334022663451152

31 RancidPinata the Sneak (level 3, -3/26 HPs)
             Began as an Octopode Delver on Dec 30, 2023.
             Slain by a sleepcap (5 damage)
             ... on level 5 of the Dungeon.
             The game lasted 00:01:07 (34 turns).

RancidPinata the Sneak (Octopode Delver)              Turns: 34, Time: 00:01:08

Health: -3/26      AC:  1    Str: 17    XL:     3   Next: 22%
Magic:  3/3        EV: 13    Int: 12    God:
Gold:   16         SH:  0    Dex: 15    Spells: 2/2 levels left

rFire   . . .        a - +0 short sword
rCold   . . .        (no shield)
rNeg    . . .        (helmet restricted)
rPois   .            (no amulet)
rElec   .            d - +6 ring of strength
rCorr   .            (no ring)
SInv    .            (no ring)
Will    .....        (no ring)
Stlth   ++++         (no ring)
HPRegen 0.24/turn    (no ring)
MPRegen 0.08/turn    (no ring)
                     (no ring)

%: no passive effects
@: marked, hasted, very quick
A: almost no armour, amphibious, 8 rings, camouflage 1, gelatinous body 1,
(nimble swimmer 1), tentacles
a: no special abilities


You were on level 5 of the Dungeon.
You visited 1 branch of the dungeon, and saw 2 of its levels.

You collected 16 gold pieces.

Inventory:

Hand Weapons
 a - a +0 short sword (weapon)
Jewellery
 d - a +6 ring of strength (left tentacle)
Wands
 f - a wand of digging (3)
Scrolls
 b - a scroll of fog
 c - a scroll of magic mapping


   Skills:
 * Level 3.4 Fighting
 + Level 2.3 Short Blades
 * Level 2.6 Dodging
 + Level 6.8 Stealth


You had 2 spell levels left.
You didn't know any spells.
Your spell library was empty.

Dungeon Overview and Level Annotations

Branches:
Dungeon (6/15)
 Temple: D:4-7

Altars:

Annotations:
D:5 Grinder


Innate Abilities, Weirdness & Mutations

You cannot wear most types of armour.
You are amphibious.
You can wear up to eight rings at the same time.
Your skin changes colour to match your surroundings (Stealth+).
Your rubbery body absorbs attacks. (AC +1, EV +1)
((You are camouflaged when in or above water. (Stealth+)))
You have tentacles for arms and can constrict up to eight enemies at once.


Message History

You climb upwards.
There is a stone staircase leading down here.
A sourceless malevolence fills the Dungeon...
With a horrendous wail, an alarm goes off!
A sentinel's mark forms upon you.
You hear a shout! x2; You hear a bark!
You hear a shout! x2
Something shouts, "Take thy face hence, thou fulsome dizzy-eyed gonus!"
You hear a shout! x2; You hear an angry hiss.
Grinder comes into view.
An iguana comes into view.
As you read the scroll of fear, it crumbles to dust.
You assume a fearsome visage.
Grinder looks frightened!
The iguana looks frightened!
Grinder blinks!
Found an ivory ring.
A sleepcap comes into view.
An orc comes into view. It is wielding a +0 dagger.
A hound comes into view.
Found 3 stones.
An adder comes into view.
The adder moves out of view.
You see here a +6 ring of strength.
d - a +6 ring of strength The sleepcap releases spores at you.
You feel stronger.
d - a +6 ring of strength (left tentacle)
A scorpion comes into view.
The sleepcap releases spores at you.
You are engulfed in a cloud of soporific spores!
You fall asleep.
The orc complains loudly.
The hound bites you!
You wake up.
Ouch! That really hurt!
* * * LOW HITPOINT WARNING * * *
The hound misses you. The sleepcap releases spores at you.
* * * LOW HITPOINT WARNING * * *
Unknown command.
Okay, then.
You feel yourself speed up. The hound closely misses you.
The sleepcap releases spores at you.
You die...

.... .... (.... ...
...... #..## .
......###....#..
#..............
#.........#...
#......S......
#....@f..#
###.....h.###
.#.s.o.....#.#.
.............h...#
#................#
#.........#.......
..........##....###
..........###.....#
..................#


You could see a sleepcap, a scorpion, a hound, an adder and an orc.

Vanquished Creatures
  A jelly (D:6)
1 creature vanquished.

Notes
Turn   | Place    | Note
-------+----------+-------------------------------------------
     0 | D:5      | RancidPinata the Octopode Delver began the quest for the
                  | Orb.
     0 | D:5      | Reached XP level 1. HP: 16/16 MP: 1/1
     8 | D:6      | Noticed a jelly
     8 | D:6      | Noticed a wight
     9 | D:6      | Killed a jelly
    10 | D:6      | Reached XP level 2. HP: 21/21 MP: 2/2
    10 | D:6      | Reached XP level 3. HP: 26/26 MP: 3/3
    10 | D:6      | Noticed a wight
    19 | D:5      | Noticed Grinder
    32 | D:5      | Noticed a scorpion
    33 | D:5      | HP: 1/26 [sleepcap (6)]
    34 | D:5      | Slain by a sleepcap

Illustrated notes

Levels and vault maps discovered:
D:5:      layout_cave_pools, minmay_temple_entry_junction, gammafunk_ghost_icy,
          kennysheep_opposing_triangles, uniq_grinder, uniq_blork_the_orc
D:6:      layout_gridville, gammafunk_ghost_smash, uniq_pikel

Action                     || total
---------------------------++-------
  Melee: Short sword       ||     1
    Use: Scroll            ||     1
         Potion            ||     1
   Stab: Sleeping          ||     1
  Dodge: Dodged            ||     2
